 Dungeon Crawl Stone Soup version 0.28-a0-1184-g53156a8862 (webtiles) character file.

Game seed: 7671357373012391044

9153 Gwenloh the Jinx (level 11, -3/56 HPs)
             Began as a Spriggan Enchanter on Dec 17, 2021.
             Was an Elder of Wu Jian.
             Slain by a blink frog (18 damage)
             ... on level 1 of the Lair of Beasts.
             The game lasted 00:51:38 (15242 turns).

Gwenloh the Jinx (Spriggan Enchanter)              Turns: 15242, Time: 00:51:39

Health: -3/56      AC:  2    Str:  4    XL:     11   Next: 19%
Magic:  21/24      EV: 26    Int: 19    God:    Wu Jian [****..]
Gold:   470        SH:  0    Dex: 24    Spells: 15/26 levels left

rFire   . . .      SeeInvis +   a - +8 quick blade
rCold   . . .      Faith    .   (shield restricted)
rNeg    . . .      Spirit   .   b - +0 robe
rPois   .          Reflect  .   (helmet restricted)
rElec   .          Harm     .   (no cloak)
rCorr   .          Rampage  .   (gloves unavailable)
Will    ++...                   (boots unavailable)
Stlth   +++++.....              (no amulet)
HPRegen 0.18/turn               A - +6 ring of dexterity
MPRegen 0.19/turn               G - ring of willpower

@: very quick
A: very small, no large weapons, unfitting armour, see invisible, speed 3
a: Renounce Religion, Wall Jump, Serpent's Lash


You were on level 1 of the Lair of Beasts.
You worshipped Wu Jian.
Wu Jian was greatly pleased with you.
You visited 3 branches of the dungeon, and saw 11 of its levels.
You also visited: Ossuary.

You collected 470 gold pieces.

Inventory:

Hand Weapons
 a - a +8 quick blade (weapon)
 f - a +1 dagger
Missiles
 v - 2 throwing nets (quivered)
Armour
 b - a +0 robe (worn)
Jewellery
 w - a ring of ice
 A - a +6 ring of dexterity (left hand)
 G - a ring of willpower (right hand)
 K - a ring of positive energy
Wands
 D - a wand of iceblast (19)
 F - a wand of acid (8)
 H - a wand of polymorph (8)
 L - a wand of flame (3)
Scrolls
 e - 3 scrolls of teleportation
 l - 3 scrolls of summoning
 m - a scroll of fog
 o - 9 scrolls of immolation
 p - a scroll of amnesia
 q - a scroll of torment {unknown}
 r - 2 scrolls of vulnerability
 s - 2 scrolls of silence
 t - 5 scrolls of blinking
 y - a scroll of holy word
 C - 2 scrolls of fear
 J - a scroll of enchant armour {unknown}
Potions
 c - a potion of invisibility
 d - 2 potions of ambrosia {unknown}
 g - 2 potions of lignification {unknown}
 h - 2 potions of haste {unknown}
 i - 7 potions of heal wounds {unknown}
 j - 4 potions of magic {unknown}
 k - 6 potions of mutation
 n - a potion of brilliance {unknown}
 u - a potion of berserk rage {unknown}
 x - 2 potions of attraction {unknown}
 z - a potion of might {unknown}
 B - 2 potions of cancellation {unknown}
 E - a potion of curing {unknown}
 I - a potion of resistance {unknown}


   Skills:
 + Level 5.2 Fighting
 - Level 8.0 Short Blades
 + Level 9.5 Dodging
 + Level 11.2 Stealth
 + Level 8.2 Spellcasting
 * Level 11.3 Hexes


You had 15 spell levels left.
You knew the following spells:

 Your Spells              Type           Power      Damage    Failure   Level
a - Ensorcelled Hibernat  Hex/Ice        58%        N/A       1%          2
b - Confusing Touch       Hex            50%        N/A       1%          3
c - Tukima's Dance        Hex            50%        N/A       1%          3
d - Dazzling Flash        Conj/Hex       58%        N/A       2%          3

Your spell library contained the following spells:

 Spells                   Type           Power      Damage    Failure   Level
 Shock                    Conj/Air       28%        1d4       9%          1
 Blink                    Tloc           14%        N/A       14%         2
 Lesser Beckoning         Tloc           7%         N/A       26%         3
 Swiftness                Air            7%         N/A       26%         3
 Airstrike                Air            3%         N/A       65%         4
 Manifold Assault         Tloc           7%         N/A       94%         5


Dungeon Overview and Level Annotations

Branches:
Dungeon (9/15)             Temple (1/1) D:4            Lair (1/6) D:9
    Orc (0/2) D:9         Ossuary (visited)

Altars:
Ashenzari
Cheibriados
Dithmenos
Elyvilon
Fedhas
Gozag
Hepliaklqana
Kikubaaqudgha
Makhleb
Nemelex Xobeh
Okawaru
Qazlal
Ru
Trog
Uskayaw
Vehumet
Wu Jian
Xom
Yredelemnul
Zin
The Shining One

Annotations:
D:4 3 runed translucent doors, p0werm0de's ghost, amateur DsFi


Innate Abilities, Weirdness & Mutations

You are very small and have problems with some larger weapons.
You are too small for most types of armour.
You have supernaturally acute eyesight. (SInv)
You cover ground extremely quickly. (Speed+++)


Message History

You kill the blink frog!
The Council accepts your kill.
The blink frog blinks!
You catch the helpless blink frog completely off-guard!
You impale the blink frog!!
You kill the blink frog!
The Council accepts your kill. The blink frog hits you!
The blink frog blinks!
The blink frog misses you.
You spin and attack the blink frog repeatedly.
You hit the blink frog.
The blink frog is lightly wounded.
You puncture the blink frog!
The blink frog is moderately wounded.
You spin and attack the blink frog repeatedly.
You miss the blink frog.
You catch the helpless blink frog completely off-guard!
You impale the blink frog!!
The blink frog is severely wounded.
The blink frog hits you!
* * * LOW HITPOINT WARNING * * *
The blink frog completely misses you.
You see here a blink frog corpse.
The blink frog blinks!
The blink frog blinks!
The blink frog is no longer blind.
The blink frog blinks!
The blink frog blinks!
The blink frog blinks!
The blink frog blinks!
Casting: Dazzling Flash (dangerous; 2% risk of failure)
Confirm with . or Enter, or press ? or * to list all spells.
Your hands begin to glow red.
Throw: 2 throwing nets
Press: ? - help, Q - select action, (/) - cycle Shift-Dir - straight line, f - blink frog
Aim: a blink frog (chance to confuse on hit: 55%, 48% to hit)
Okay, then.
You hit the blink frog but do no damage.
You hit the blink frog but do no damage.
The blink frog appears confused.
The blink frog hits you!!
You die...

#....................###†.#
......................##.##
.....................##..#
....................###..##
...................###....### ##
.........(......(.## #......####.
...>...........#######........##.
.................###.............
...F...........F@..........##....
####.....#.#####..##.......###...
##..##### #####........###.. ####
#..####....... #..######......
#.###..##...... #. ##.........#
.# #.†........# # #.......#...#


You could see a blink frog (confused).

Vanquished Creatures
  A two-headed ogre (D:9)
  An ugly thing (D:8)
  2 cane toads (Lair:1)
  2 komodo dragons
  2 trolls
  3 blink frogs (Lair:1)
  A shadow (D:9)
  A wyvern (D:8)
  6 yaks
  2 steam dragons (D:8)
  3 water moccasins
  7 orc warriors
  4 sky beasts
  A black bear (D:9)
  A necrophage (D:4)
  A centaur (D:8)
  5 ogres
  2 phantoms (D:6)
  2 kobold brigands (D:8)
  An elf skeleton (D:5)
  6 bullfrogs
  A scorpion (D:5)
  A wyvern zombie (D:8)
  3 killer bees (D:7)
  2 howler monkeys (D:9)
  3 wights (D:7)
  2 bullfrog zombies (D:5)
  2 centaur zombies
  4 orc priests
  3 human zombies
  2 bullfrog skeletons
  4 hounds
  A centaur skeleton (D:6)
  Terence (D:1)
  2 gnoll shamans
  2 human skeletons (D:5)
  3 iguanas
  8 orc wizards
  5 hell rats (Lair:1)
  A killer bee zombie (D:8)
  4 mummies (Ossuary)
  A howler monkey zombie (D:5)
  8 adders
  8 gnolls
  A white imp (D:7)
  2 worms
  2 dart slugs
  28 orcs
  5 ball pythons
  6 bats
  6 endoplasms
  4 giant cockroaches
  6 goblins
  6 hobgoblins
  4 quokkas
  8 frilled lizards
  4 gnoll zombies (Ossuary)
  17 kobolds
  2 kobold zombies (Ossuary)
  An orc skeleton (D:5)
  An orc zombie (D:5)
  6 rats
234 creatures vanquished.

Vanquished Creatures (collateral kills)
  An ogre (D:4)
  A gnoll (D:6)
  An orc (D:9)
3 creatures vanquished.

Vanquished Creatures (others)
  4 dancing weapons
  35 fungi (D:9)
  36 plants (D:9)
75 creatures vanquished.

Grand Total: 312 creatures vanquished

Notes
Turn   | Place    | Note
-------+----------+-------------------------------------------
     0 | D:1      | Gwenloh the Spriggan Enchanter began the quest for the Orb.
     0 | D:1      | Reached XP level 1. HP: 9/9 MP: 5/5
     4 | D:1      | Found a white marble altar of Elyvilon.
   427 | D:1      | Reached XP level 2. HP: 11/13 MP: 6/6
   497 | D:1      | Learned a level 2 spell: Ensorcelled Hibernation
  1124 | D:2      | Found a glowing golden altar of the Shining One.
  1501 | D:2      | Reached skill level 5 in Stealth
  1986 | D:2      | Reached XP level 3. HP: 15/16 MP: 8/8
  2120 | D:2      | Learned a level 3 spell: Confusing Touch
  2268 | D:2      | Noticed Terence
  2454 | D:1      | Killed Terence
  2632 | D:2      | Reached XP level 4. HP: 21/21 MP: 9/9
  2646 | D:2      | Learned a level 3 spell: Tukima's Dance
  3869 | D:3      | Reached XP level 5. HP: 23/25 MP: 11/11
  4415 | D:3      | Reached skill level 1 in Fighting
  5044 | D:4      | Found a staircase to the Ecumenical Temple.
  5056 | Temple   | Entered the Ecumenical Temple
  5368 | Temple   | Became a worshipper of the Wu Jian Council
  5406 | D:4      | Noticed an ogre
  5425 | D:4      | Killed an ogre
  5426 | D:4      | Reached skill level 5 in Dodging
  5426 | D:4      | Reached XP level 6. HP: 30/30 MP: 2/12
  5500 | D:4      | Learned a level 3 spell: Dazzling Flash
  5520 | D:4      | Found a shimmering altar of Xom.
  5602 | D:4      | Found a runed translucent gate.
  5603 | D:4      | Found a runed translucent gate.
  5604 | D:4      | Found a runed translucent gate.
  6031 | D:4      | Reached skill level 5 in Hexes
  6286 | D:4      | Reached XP level 7. HP: 34/34 MP: 11/14
  6318 | D:4      | Found a burning altar of Makhleb.
  6320 | D:4      | Noticed a blizzard demon
  6350 | D:4      | Noticed p0werm0de's ghost (amateur DsFi)
  6440 | D:4      | Found a white marble altar of Elyvilon.
  6535 | D:4      | Found an iron altar of Okawaru.
  6535 | D:4      | Found a bloodstained altar of Trog.
  6734 | D:5      | Entered Level 5 of the Dungeon
  6734 | D:5      | Found an ancient bone altar of Kikubaaqudgha.
  6869 | D:5      | Found a sand-covered staircase.
  6879 | Ossuary  | Entered an ossuary
  6959 | Ossuary  | Reached * piety under Wu Jian
  7791 | D:5      | Reached XP level 8. HP: 35/39 MP: 13/16
  8127 | D:5      | Found a sacrificial altar of Ru.
  8216 | D:5      | Reached skill level 5 in Spellcasting
  8485 | D:5      | Reached skill level 5 in Short Blades
  8765 | D:6      | Found a stormy altar of Qazlal.
  8781 | D:6      | Identified a scroll of acquirement
  8785 | D:6      | Acquired a +7 quick blade
  9792 | D:6      | Reached XP level 9. HP: 44/44 MP: 18/18
  9804 | D:6      | Reached ** piety under Wu Jian
 12044 | D:8      | Noticed a +0 falchion
 12044 | D:8      | Noticed a +0 dagger
 12045 | D:8      | Noticed a +0 spear
 12046 | D:8      | Noticed a +0 short sword
 12046 | D:8      | Noticed a +0 spear
 12046 | D:8      | Noticed a +0 dagger
 12047 | D:8      | Noticed a +0 falchion
 12047 | D:8      | Noticed a +0 short sword
 12049 | D:8      | Found a hide-covered altar of Uskayaw.
 12114 | D:8      | Noticed a troll
 12346 | D:8      | Killed a troll
 12722 | D:8      | Reached XP level 10. HP: 39/49 MP: 12/20
 12810 | D:8      | Reached *** piety under Wu Jian
 13036 | D:8      | Noticed a brown ugly thing
 13065 | D:8      | Killed a brown ugly thing
 13138 | D:8      | Found an opulent altar of Gozag.
 13575 | D:9      | Found a glowing silver altar of Zin.
 13747 | D:9      | Reached skill level 10 in Stealth
 13811 | D:9      | Found a staircase to the Orcish Mines.
 13847 | D:9      | Found a glowing golden altar of the Shining One.
 13993 | D:9      | Reached skill level 10 in Hexes
 14398 | D:9      | Found a staircase to the Lair.
 14751 | D:9      | Noticed a two-headed ogre
 14754 | D:9      | Killed a two-headed ogre
 14755 | D:9      | Reached skill level 5 in Fighting
 14867 | Lair:1   | Entered Level 1 of the Lair of Beasts
 14916 | Lair:1   | Noticed a cane toad
 14932 | Lair:1   | Killed a cane toad
 14933 | Lair:1   | Reached XP level 11. HP: 48/55 MP: 19/23
 15004 | Lair:1   | Reached **** piety under Wu Jian
 15242 | Lair:1   | Slain by a blink frog

Illustrated notes

Levels and vault maps discovered:
D:1:      sevenhm_arrival_forest_fort_small_6, layout_basic
D:2:      layout_rooms, basic_altar, minmay_misc_feat_pillars,
          grunt_ministairs_12, uniq_terence
D:3:      layout_basic
D:4:      layout_basic, grunt_temple_overflow_bloody_war, xom_butterflies,
          elyvilon_altar_5, makhleb_altar_promises_db, temple_fountains,
          ebering_ghost_rock_garden
D:5:      layout_rooms, lemuel_doored_altar, nicolae_overflow_hidden_temple,
          nicolae_ossuary_entry_catacombs, abandoned_shop
D:6:      minmay_general_purpose_star, layout_cave_pools,
          mainiacjoe_overflow_boulevard, hangedman_decor_push
D:7:      layout_loops_corners, fountainhead
D:8:      layout_basic, mainiacjoe_overflow_chevrons, nicolae_uskayaw_en_pointe
D:9:      layout_stronghold, tso_metal_star, kennysheep_mini_moat,
          due_lair_maze_entry_diamond, orc_0_dummy
Temple:   compressed_dpeg_triangle_lava_temple
Lair:1:   layout_cave_pods

Skill      XL: |  1  2  3  4  5  6  7  8  9 10 11 |
---------------+----------------------------------+-----
Dodging        | 3 4 5 6 7 9 |  9.5
Stealth        | 5 6 7 8 9 10 11 | 11.2
Spellcasting   | 3 4 5 6 7 8 |  8.2
Hexes          | 4 5 6 7 9 10 11 | 11.3
Short Blades   | 2 3 4 5 7 8 |  8.0
Fighting       | 1 2 3 4 5 |  5.2

Action                   |  1- 3 |  4- 6 |  7- 9 | 10-12 || total
-------------------------+-------+-------+-------+-------++-------
Melee: Dagger            |   105 |   142 |   194 |       ||   441
       Quick blade       |       |       |   231 |   181 ||   412
 Cast: Ensorcelled Hiber |    39 |    56 |    40 |    17 ||   152
       Confusing Touch   |     1 |     8 |    50 |    24 ||    83
       Tukima's Dance    |       |     3 |    11 |     4 ||    18
       Dazzling Flash    |       |       |     1 |     4 ||     5
Invok: Lunge             |       |     6 |    57 |    24 ||    87
       Whirlwind         |       |       |     8 |     9 ||    17
 Abil: Wall Jump         |       |       |       |     2 ||     2
  Use: Scroll            |       |       |    11 |     2 ||    13
 Stab: Sleeping          |    26 |    37 |    37 |    18 ||   118
       Confused          |     1 |     3 |    41 |    19 ||    64
       Distracted        |       |     1 |     4 |     1 ||     6
       Invisible         |       |       |       |     8 ||     8
Armor: Robe              |    19 |     3 |     7 |     1 ||    30
Dodge: Dodged            |   117 |    79 |   152 |    47 ||   395

Table legend: (Time is in decaauts)
 A = Elapsed time spent in this place.
 B = Non-inter-level travel time spent in this place.
 C = Inter-level travel time spent in this place.
 D = Time resting spent in this place.
 E = Time spent auto-exploring this place.
 F = Levels seen in this place.
 G = Mean time per level.
                   A        B        C        D        E       F      G
               +--------+--------+--------+--------+--------+-----+--------+
         Total |  11985 |  11618 |    367 |   2182 |   6955 |  12 |  998.8 |
       Dungeon |  10861 |  10514 |    347 |   1769 |   6552 |   9 | 1206.8 |
        Temple |    199 |    181 |     18 |      0 |    174 |   1 |  199.0 |
          Lair |    250 |    250 |      0 |      0 |    177 |   1 |  250.0 |
       Ossuary |    673 |    673 |      0 |    413 |     50 |   1 |  673.0 |
               +--------+--------+--------+--------+--------+-----+--------+

Top non-repeatable levels by time:
     D:3: 1722 daAuts
     D:1: 1666 daAuts
     D:7: 1598 daAuts
     D:5: 1309 daAuts
     D:4: 1145 daAuts
     D:9: 1111 daAuts
     D:8: 883 daAuts
     D:2: 776 daAuts
 Ossuary: 673 daAuts
     D:6: 648 daAuts
  Lair:1: 250 daAuts
  Temple: 199 daAuts
